 Dungeon Crawl Stone Soup version 0.30.0 (webtiles) character file.

Game seed: 12084867584262917228

361 AlmostAGhost the Slasher (level 6, 0/47 HPs)
             Began as a Demonspawn Gladiator on May 6, 2023.
             Slain by Crazy Yiuf
             ... wielding a +4 quarterstaff of chaos
              (2 damage)
             ... on level 3 of the Dungeon.
             The game lasted 00:12:38 (2326 turns).

AlmostAGhost the Slasher (Demonspawn Gladiator)     Turns: 2326, Time: 00:12:39

Health: 0/47       AC: 11    Str: 16    XL:     6   Next: 38%
Magic:  6/6        EV: 13    Int: 10    God:
Gold:   175        SH:  0    Dex: 14    Spells: 5/5 levels left

rFire   . . .        w - +4 dagger (protect)
rCold   . . .        (no shield)
rNeg    . . .        b - +0 leather armour
rPois   .            c - +0 helmet
rElec   .            s - scarf {repulsion}
rCorr   .            (no gloves)
SInv    .            (no boots)
Will    .....        (no amulet)
Stlth   ++           (no ring)
HPRegen 0.27/turn    (no ring)
MPRegen 0.20/turn

%: repel missiles
@: under a protective aura
A: powered by death 1, magic regeneration, sturdy frame 1, demonic touch 1
a: no special abilities


You were on level 3 of the Dungeon.
You visited 1 branch of the dungeon, and saw 3 of its levels.

You collected 175 gold pieces.

Inventory:

Hand Weapons
 a - a +0 long sword
 r - the +5 dagger of the Sufficient God {pain, rPois rC- Dex+2 Stlth+}
   (You found it on level 2 of the Dungeon)

   Dex:       It affects your dexterity (+2).
   rC:        It makes you vulnerable to cold.
   rPois:     It protects you from poison.
   Stlth:     It makes you more stealthy.
 w - a +4 dagger of protection (weapon)
Missiles
 d - 3 throwing nets (quivered)
 e - a javelin
 t - 6 atropa-tipped darts
Armour
 b - a +0 leather armour (worn)
 c - a +0 helmet (worn)
 s - a scarf of repulsion (worn)
Wands
 v - a wand of flame (20)
Scrolls
 g - 3 scrolls of magic mapping
 h - 5 scrolls of identify
 i - 2 scrolls of enchant armour {unknown}
 l - a scroll of amnesia {unknown}
 m - a scroll of enchant weapon {unknown}
 n - a scroll of torment {unknown}
 o - a scroll of fog {unknown}
 p - a scroll of vulnerability {unknown}
 x - a scroll of acquirement {unknown}
Potions
 f - a potion of degeneration {unknown}
 j - 2 potions of attraction {unknown}
 k - a potion of brilliance {unknown}
 u - a potion of invisibility {unknown}


   Skills:
 + Level 3.0 Fighting
 + Level 1.6(3.2) Short Blades
 + Level 4.4(4.6) Long Blades
 + Level 1.9 Throwing
 + Level 2.3 Armour
 + Level 3.4 Dodging
 + Level 1.4 Stealth


You had 5 spell levels left.
You didn't know any spells.
Your spell library contained the following spells:

 Spells                   Type           Power      Damage    Failure   Level
 Necrotise                Necr           0%         1d4       36%         1
 Sting                    Tmut/Pois      0%         1d3       36%         1
 Blink                    Tloc           0%         N/A       52%         2
 Lesser Beckoning         Tloc           0%         N/A       52%         2
 Momentum Strike          Conj/Tloc      0%         3d8       52%         2
 Poisonous Vapours        Pois/Air       0%         N/A       52%         2
 Gell's Gravitas          Tloc           0%         N/A       75%         3
 Mephitic Cloud           Conj/Pois/Air  0%         N/A       75%         3
 Ozocubu's Armour         Ice            0%         N/A       75%         3
 Teleport Other           Tloc           0%         N/A       75%         3
 Vampiric Draining        Necr           0%         2d6       75%         3
 Manifold Assault         Tloc           0%         N/A       98%         4
 Olgreb's Toxic Radiance  Pois           0%         N/A       98%         4
 Agony                    Necr           0%         N/A       100%        5
 Freezing Cloud           Conj/Ice/Air   0%         6-21      100%        5
 Metabolic Englaciation   Hex/Ice        0%         N/A       100%        5
 Dispersal                Tloc           0%         N/A       100%        6
 Simulacrum               Ice/Necr       0%         N/A       100%        6
 Disjunction              Tloc           0%         N/A       100%        8


Dungeon Overview and Level Annotations

Branches:
Dungeon (3/15)

Altars:
Trog
Wu Jian

Annotations:
D:3 Crazy Yiuf


Innate Abilities, Weirdness & Mutations

You regenerate a little health from kills.
You regenerate magic rapidly.
Your movements are slightly less encumbered by armour. (ER -2)
Your touch may inflict minor irresistible damage on your foes.


Message History

No target in view!
No target in view!
Items here: ))) [[ ††.
Okay, then.
Things that are here:
a +0 robe; a +0 scythe You see here a +0 hammer.
You see here a +0 hammer.
Crazy Yiuf shouts!
Crazy Yiuf yells, "Whiteboard water arm!"
Crazy Yiuf whimpers, "Orb eyeball broken!"
You open the door. You hit Crazy Yiuf.
Your weapon exudes an aura of protection.
Crazy Yiuf is lightly wounded.
Crazy Yiuf hits you with a +4 quarterstaff of chaos!
You are electrocuted!!
You are too injured to fight recklessly!
It was a potion of curing.
You feel better.
Crazy Yiuf hits you with a +4 quarterstaff of chaos!
Crazy Yiuf burns you.
You barely miss Crazy Yiuf. Your touch misses Crazy Yiuf.
Crazy Yiuf is lightly wounded.
Crazy Yiuf hits you with a +4 quarterstaff of chaos!
* * * LOW HITPOINT WARNING * * *
Crazy Yiuf freezes you.
* * * LOW HITPOINT WARNING * * *
Okay, then.
As you read the scroll labelled YPSUSI XOYMOE, it crumbles to dust.
It is a scroll of identify.
g - 3 scrolls of magic mapping Crazy Yiuf barely misses you.
You hit Crazy Yiuf.
Your weapon exudes an aura of protection.
Crazy Yiuf is moderately wounded.
You hit Crazy Yiuf.
Crazy Yiuf is heavily wounded.
Crazy Yiuf screams, "Mugger King disdain!"
Crazy Yiuf hits you with a +4 quarterstaff of chaos.
You die...

###.#....## #####
..........#
###.#....## #####
###.####..# #)..#
##.....#.## #...#
.......#.# ...
.......#.## #'#
...)......# ♣g♣♣
..........# ♣♣@♣
..#.###...# ♣.♣♣
###.# ##.## ♣♣.♣
###.####.# ♣♣.♣♣
.........## ♣♣)P.♣
###.#.....# ♣P.PP♣
# #.#.....# #.)..#
###.......## #..).#
##.........###...##


You could see Crazy Yiuf.

Vanquished Creatures
  Sigmund (D:3)
  Ijyb (D:3)
  Natasha (thrice) (D:2)
  Robin (D:3)
  2 adders
  An adder skeleton (D:2)
  4 dart slugs
  2 ball pythons (D:3)
  5 bats
  A bat skeleton (D:2)
  6 endoplasms
  2 giant cockroaches (D:2)
  10 goblins
  4 hobgoblins
  8 kobolds
  2 quokkas
  2 ball python zombies (D:2)
  A bat simulacrum (D:2)
  5 frilled lizards
  A giant cockroach simulacrum (D:2)
  4 rats
66 creatures vanquished.

Vanquished Creatures (others)
  22 withered plants (D:2)
22 creatures vanquished.

Grand Total: 88 creatures vanquished

Notes
Turn   | Place    | Note
-------+----------+-------------------------------------------
     0 | D:1      | AlmostAGhost the Demonspawn Gladiator began the quest for
                  | the Orb.
     0 | D:1      | Reached XP level 1. HP: 16/16 MP: 1/1
    38 | D:1      | Reached skill level 3 in Long Blades
   119 | D:1      | Gained mutation: You regenerate magic rapidly. [demonic
                  | ancestry]
   119 | D:1      | Reached XP level 2. HP: 22/22 MP: 2/2
   793 | D:2      | Gained mutation: Your touch may inflict minor irresistible
                  | damage on your foes. [demonic ancestry]
   793 | D:2      | Reached XP level 3. HP: 9/27 MP: 3/3
   827 | D:2      | Noticed Natasha
   842 | D:2      | Killed Natasha
   843 | D:2      | Reached skill level 1 in Armour
   959 | D:2      | Reached XP level 4. HP: 34/34 MP: 4/4
   992 | D:2      | Noticed Natasha
   999 | D:2      | Killed Natasha
  1008 | D:2      | Noticed Natasha
  1014 | D:2      | Killed Natasha
  1375 | D:2      | Identified the +5 dagger of the Sufficient God {pain, rPois
                  | rC- Dex+2 Stlth+}
  1423 | D:3      | Reached skill level 4 in Long Blades
  1477 | D:3      | Found an ornate altar of the Wu Jian Council.
  1579 | D:3      | Found a bloodstained altar of Trog.
  1606 | D:3      | Gained mutation: Your movements are slightly less
                  | encumbered by armour. (ER -2) [demonic ancestry]
  1606 | D:3      | Reached XP level 5. HP: 39/39 MP: 5/5
  1648 | D:3      | Noticed Ijyb
  1654 | D:3      | Killed Ijyb
  1686 | D:3      | Found a runed translucent door.
  1687 | D:3      | Noticed Crazy Yiuf
  1817 | D:3      | Noticed Sigmund
  1831 | D:3      | Killed Sigmund
  1832 | D:3      | Reached skill level 1 in Short Blades
  1832 | D:3      | Reached skill level 1 in Stealth
  1832 | D:3      | Gained mutation: You regenerate a little health from kills.
                  | [demonic ancestry]
  1832 | D:3      | Reached XP level 6. HP: 40/47 MP: 6/6
  1864 | D:3      | Found a faded altar of an unknown god.
  2138 | D:3      | Noticed Robin
  2151 | D:3      | Killed Robin
  2322 | D:3      | HP: 1/47 [Crazy Yiuf/+4 quarterstaff of chaos (6)]
  2326 | D:3      | Slain by Crazy Yiuf

Illustrated notes

Levels and vault maps discovered:
D:1:      minmay_arrival_three_doors, layout_loops_ring
D:2:      layout_loops_ring, dilly_guarded_unrand_morg
D:3:      layout_basic, amcnicky_altar_gilded, nicolae_overflow_crystal_walls,
          dilly_ecumenical_altar_fadedgnrine, uniq_robin,
          uniq_crazy_yiuf_cottage, uniq_ijyb, uniq_sigmund

Skill      XL: |  1  2  3  4  5 |
---------------+----------------+-----
Long Blades    | 3 4 |  4.4
Dodging        | 3 |  3.4
Armour         | 1 2 |  2.3
Fighting       | 3 |  3.0
Short Blades   | 1 |  1.6
Stealth        | 1 |  1.4
Throwing       | |  1.9

Action                     |  1- 3 |  4- 6 || total
---------------------------+-------+-------++-------
  Melee: Long sword        |    78 |    12 ||    90
         Touch             |     2 |    15 ||    17
         Dagger            |       |    64 ||    64
    Use: Scroll            |       |     1 ||     1
         Potion            |       |     1 ||     1
   Stab: Sleeping          |       |     6 ||     6
 Armour: Leather armour    |    20 |    23 ||    43
  Dodge: Dodged            |    62 |    46 ||   108
         Repelled          |       |     2 ||     2
